 Dungeon Crawl Stone Soup version 0.26.1-2-gb8aa6d0cf2 (webtiles) character file.

Game seed: 12537704510998571125

43 Diabellus the Digger (level 3, -1/20 HPs)
             Began as a Gargoyle Earth Elementalist on Feb 18, 2021.
             Slain by Sigmund
             ... wielding a +0 scythe
              (3 damage)
             ... on level 2 of the Dungeon.
             The game lasted 00:03:18 (1945 turns).

Diabellus the Digger (Gargoyle Earth Elementalist)  Turns: 1945, Time: 00:03:18

Health: -1/20      AC: 11    Str: 11    XL:     3   Next: 58%
Magic:  6/6        EV:  5    Int: 16    God:
Gold:   29         SH:  0    Dex: 10    Spells: 5/6 levels left

rFire    . . .     SeeInvis .   e - +0 spear
rCold    . . .     Faith    .   (no shield)
rNeg     + . .     Spirit   .   a - +0 chain mail
rPois    ∞         Reflect  .   (no helmet)
rElec    +         Harm     .   h - scarf {shadows}
rCorr    +         Rampage  .   (no gloves)
Will     .....                  (no boots)
Stlth    ..........             (no amulet)
HPRegen  0.06/turn              g - ring of resist corrosion (curse)
MPRegen  0.10/turn              (no ring)

@: no status effects
A: negative energy resistance 1, electricity resistance, unbreathing,
petrification resistance, miasma immunity, AC +3
a: no special abilities


You were on level 2 of the Dungeon.
You visited 1 branch of the dungeon, and saw 2 of its levels.

You collected 29 gold pieces.

Inventory:

Hand Weapons
 e - a +0 spear (weapon)
Missiles
 b - 71 stones
Armour
 a - a +0 chain mail (worn)
 c - a +0 robe
 h - a scarf of shadows (worn)
Jewellery
 g - a cursed ring of resist corrosion (left hand)
Scrolls
 j - a scroll of fear {unknown}
 k - a scroll of identify
 l - a scroll of blinking {unknown}
Potions
 d - a potion of attraction
 i - a potion of lignification {unknown}


   Skills:
 + Level 0.6 Fighting
 + Level 0.5 Armour
 + Level 1.7 Dodging
 - Level 2.1 Stealth
 * Level 2.3 Spellcasting
 + Level 1.1 Conjurations
 * Level 1.2 Transmutations
 * Level 4.1 Earth Magic


You had 5 spell levels left.
You knew the following spells:

 Your Spells              Type           Power        Failure   Level
a - Sandblast             Erth           14%          92%         1

Your spell library contained the following spells:

 Spells                   Type           Power        Failure   Level
 Passwall                 Tmut/Erth      4%           99%         2
 Stone Arrow              Conj/Erth      10%          100%        3
 Petrify                  Tmut/Erth      5%           100%        4
 Lee's Rapid Deconstruct  Erth           3%           100%        5


Dungeon Overview and Level Annotations

Branches:
Dungeon (2/15)

Altars:
Gozag

Annotations:
D:2 Sigmund


Innate Abilities, Weirdness & Mutations

You are resistant to torment.
Your stone body is resilient. (AC +3)
You are immune to poison.
You resist negative energy. (rN+)
You are resistant to electric shocks. (rElec)
You can survive without breathing.
You are immune to petrification.
You are immune to miasma.


Message History

The adder is heavily wounded.
The adder completely misses you. Something hits you.
* * * LOW HITPOINT WARNING * * *
The adder barely misses you.
You closely miss the adder.
The adder is heavily wounded.
Something hits you but does no damage. The adder bites you but does no damage.
You closely miss the adder.
The adder is heavily wounded.
Something hits you but does no damage.
The adder bites you but does no damage. x2
Your chain mail prevents you from hitting the adder.
The adder is heavily wounded.
Something hits you but does no damage. The adder bites you but does no damage.
Something hits you but does no damage.
You closely miss the adder.
The adder is heavily wounded.
The adder bites you.
* * * LOW HITPOINT WARNING * * *
Something hits you.
You die...

#.#### #.#.# #.
#.# #†#.###. #.#
#....... #.#
###.###) #.#
#.###. #.# #.....
#{# #.#... #S#
#....# #@# #....#
#.# ###....# #.#
#....... #.#
#....... #.#
#....÷..
#.#########.#.....
#.......>...#.....
#############.....
##....


You could see an adder.

Vanquished Creatures
  An adder (D:2)
  A worm (D:2)
  A dart slug (D:1)
  A bat (D:2)
  A giant cockroach (D:1)
  4 hobgoblins
  3 jackals (D:1)
  A frilled lizard (D:2)
  4 goblins
  4 kobolds (D:1)
  8 rats
29 creatures vanquished.

Notes
Turn   | Place    | Note
-------+----------+-------------------------------------------
     0 | D:1      | Diabellus the Gargoyle Earth Elementalist began the quest
                  | for the Orb.
     0 | D:1      | Reached XP level 1. HP: 10/10 MP: 3/3
   653 | D:1      | Reached skill level 1 in Transmutations
   653 | D:1      | Reached XP level 2. HP: 15/15 MP: 5/5
  1073 | D:1      | Reached skill level 4 in Earth Magic
  1388 | D:2      | Reached XP level 3. HP: 15/20 MP: 6/6
  1516 | D:2      | Reached skill level 1 in Conjurations
  1579 | D:2      | Found an opulent altar of Gozag.
  1908 | D:2      | Noticed Sigmund
  1945 | D:2      | Slain by Sigmund

Illustrated notes

Levels and vault maps discovered:
D:1:      elethiomel_arrival_quiet, layout_rooms, serial_co_window_serial,
          co_window_paths_a, co_window_of_opportunity_a, co_window_paths_a,
          co_window_paths_a, co_window_of_opportunity_a, co_window_2corner,
          co_window_broadway_c, co_window_broadway_b, co_window_cross_4,
          co_window_paths_c, co_window_of_opportunity_c, co_window_sun,
          glass_columns_c, glass_columns_c, glass_columns_a, glass_columns_a,
          glass_columns_a
D:2:      layout_loops_ring, nicolae_gozag_seed_capital, uniq_sigmund

Skill      XL: |  1  2  3 |
---------------+----------+-----
Transmutations | 1 |  1.2
Earth Magic    | 4 |  4.1
Conjurations   | 1 |  1.1
Fighting       | |  0.6
Armour         | |  0.5
Dodging        | |  1.7
Stealth        | |  2.1
Spellcasting   | |  2.3

Action                   || total
-------------------------++-------
Melee: Spear             ||   172
  Use: Scroll            ||     1
       Potion            ||     2
Armor: Chain mail        ||   135
Dodge: Dodged            ||    44
